 Dungeon Crawl Stone Soup version 0.26.0-10-g1f06aea511 (webtiles) character file.

Game seed: 8708735182898482386

2385 Borgoz the Slasher (level 9, 0/74 HPs)
             Began as a Ghoul Gladiator on Jan 30, 2021.
             Was a Priest of Dithmenos.
             Slain by a cyclops (26 damage)
             ... on level 7 of the Dungeon.
             The game lasted 00:12:44 (8373 turns).

Borgoz the Slasher (Ghoul Gladiator)                Turns: 8373, Time: 00:12:44

Health: 0/74       AC: 20    Str: 21    XL:     9   Next: 45%
Magic:  8/8        EV: 14    Int:  3    God:    Dithmenos [***...]
Gold:   220        SH:  8    Dex: 13    Spells: 6/8 levels left

rFire    + + .     SeeInvis .   b - +7 dagger of Psychosis {protect, *Slow rF+ Str+3}
rCold    + . .     Faith    .   E - +0 buckler (curse)
rNeg     + + +     Spirit   .   m - +0 leather armour
rPois    ∞         Reflect  +   c - +0 helmet
rElec    .         Harm     .   C - +0 cloak
rCorr    .         Rampage  .   r - +2 pair of gloves
Will     .....                  (no boots)
Stlth    +.........             A - amulet of reflection
HPRegen  0.00/turn              h - +4 ring of protection
MPRegen  0.11/turn              o - ring of protection from fire

@: protection aura, hasted, wreathed by umbra, very quick
A: claws 1, cold resistance 1, negative energy resistance 3, inhibited
regeneration, torment resistance, unbreathing
a: Renounce Religion, Shadow Step


You were on level 7 of the Dungeon.
You worshipped Dithmenos.
Dithmenos was most pleased with you.
You visited 2 branches of the dungeon, and saw 8 of its levels.
You also visited: Ossuary.

You collected 220 gold pieces.

Inventory:

Hand Weapons
 a - a +2 vorpal long sword
 b - the +7 dagger of Psychosis (weapon) {protect, *Slow rF+ Str+3}
   (You found it on level 5 of the Dungeon)

   It grants its wielder temporary protection when it strikes (+7 to AC).
   It affects your strength (+3).
   It protects you from fire.
   It may slow you when you take damage.
 s - a +0 great sword
Armour
 c - a +0 helmet (worn)
 m - a +0 leather armour (worn)
 r - a +2 pair of gloves (worn)
 t - a +0 kite shield
 C - a +0 cloak (worn)
 E - a cursed +0 buckler (worn)
Jewellery
 h - a +4 ring of protection (left hand)
 n - an uncursed ring of flight
 o - a ring of protection from fire (right hand)
 p - an uncursed ring of see invisible
 v - an uncursed amulet of guardian spirit
 A - an amulet of reflection (around neck)
Wands
 d - a wand of iceblast (15)
 u - a wand of digging (11)
 y - a wand of paralysis (8)
Scrolls
 j - a scroll of fear
 k - 3 scrolls of fog
 q - 3 scrolls of remove curse
 x - a scroll of teleportation
 B - a scroll of identify
Potions
 e - 6 potions of flight
 g - 2 potions of magic
 i - 2 potions of brilliance
 l - a potion of cancellation
 z - 2 potions of haste


   Skills:
 + Level 5.4 Fighting
 * Level 6.6 Long Blades
 - Level 1.7 Throwing
 * Level 5.8 Armour
 * Level 6.6 Dodging
 + Level 0.7 Shields


You had 6 spell levels left.
You knew the following spells:

 Your Spells              Type           Power        Failure   Level
a - Blink                 Tloc           N/A          85%         2

Your spell library contained the following spells:

 Spells                   Type           Power        Failure   Level
 Magic Dart               Conj           0%           71%         1
 Call Imp                 Summ           0%           85%         2
 Searing Ray              Conj           0%           85%         2
 Slow                     Hex            0%           85%         2
 Conjure Flame            Conj/Fire      0%           97%         3
 Dazzling Flash           Conj/Hex       0%           97%         3
 Mephitic Cloud           Conj/Pois/Air  0%           97%         3
 Fulminant Prism          Conj/Hex       0%           100%        4
 Iskenderun's Mystic Bla  Conj/Tloc      0%           100%        4


Dungeon Overview and Level Annotations

Branches:
Dungeon (7/15)             Temple (1/1) D:4         Ossuary (visited)

Altars:
Ashenzari
Cheibriados
Dithmenos
Elyvilon
Fedhas
Gozag
Hepliaklqana
Kikubaaqudgha
Okawaru
Ru
Sif Muna
Trog
Uskayaw
Xom
Yredelemnul
Zin
The Shining One
Beogh

Shops:
D:7 [=!

Annotations:
D:4 2 transporters, Dracia's ghost, novice DrCj
D:5 3 runed translucent doors, StoneSoupSpirit's ghost, novice DsCK


Innate Abilities, Weirdness & Mutations

You thrive by killing the living.
You are immune to poison.
You have sharp fingernails.
Your flesh is cold resistant. (rC+)
You are immune to negative energy. (rN+++)
You do not regenerate when monsters are visible.
You are immune to unholy pain and torment.
You can survive without breathing.


Message History

Press: ? - help, Q - select action, (/) - cycle Shift-Dir - straight line, f/p - cyclops
Aim: a cyclops, quivering a large rock (heavily wounded, umbra, immune to nets)
You throw a throwing net. The throwing net hits the cyclops.
The cyclops is too large for the net to hold!
The cyclops is heavily wounded.
You block the cyclops's attack.
You barely miss the cyclops.
The cyclops is heavily wounded.
You hit the cyclops but do no damage.
Your weapon exudes an aura of protection.
The cyclops is heavily wounded.
You hit the cyclops.
The cyclops is heavily wounded.
The cyclops hits you but does no damage.
You hit the cyclops.
The cyclops is severely wounded.
You puncture the cyclops!
The cyclops is almost dead.
The cyclops hits you!!
You die...

#♣.♣†♣#.♣♣♣.#♣♣♣♣.#........
#.♣♣♣...♣ ♣..♣♣...#........
#♣.♣.♣#.♣♣♣.#♣♣♣♣.#........
♣♣.♣♣#.....#.†...#........
#♣♣†#####.###♣♣.♣♣#........
#.♣.♣.#♣♣.♣♣ ♣♣.♣♣#........
#..#♣.♣.♣#♣.≈.♣#♣P≈≈≈#........
#..#.♣.♣.#.≈≈≈.#♣≈P♣♣#........
####..#♣.♣.♣#♣.≈@♣#≈♣♣♣ #........
......#.♣.♣.#♣♣C♣♣#♣≈P♣ #........
#.....#♣.♣.♣#♣.#.♣#♣P≈♣♣#........
#...♣♣.♣♣#(≈≈≈C#♣♣♣≈♣..#######
#.......#.≈≈≈.#.≈P≈...#
#†.♣♣.♣♣#?≈≈≈|#≈P≈≈≈..#
#.#♣.♣.♣#♣.#?♣#≈♣♣≈♣#.# ### #.# ♣
♣.#♣♣.♣♣#≈ ♣♣♣#.# ###.. ## #.# ♣#
≈ # #.# #....


You could see a cyclops.

Vanquished Creatures
  Sigmund (D:6)
  A soldier ant (D:7)
  A water moccasin (D:7)
  A sky beast (D:6)
  An ice beast (D:3)
  A centaur (D:6)
  Blork the orc (D:5)
  A gnoll sergeant (D:7)
  2 scorpions (D:4)
  A water moccasin skeleton (D:4)
  A killer bee (D:7)
  3 wights (D:6)
  A howler monkey (D:7)
  A jelly (D:3)
  8 hounds
  Crazy Yiuf (D:6)
  2 human zombies (Ossuary)
  5 orc wizards
  A centaur skeleton (D:4)
  Ijyb (D:5)
  Natasha (D:4)
  An iguana (D:3)
  10 worker ants
  3 big kobold zombies (Ossuary)
  A hound zombie (D:5)
  2 mummies (Ossuary)
  7 adders
  3 gnolls (D:7)
  2 shadow imps (D:6)
  2 white imps
  3 ufetubi
  5 oozes
  An adder zombie (Ossuary)
  4 worms
  A dart slug (D:1)
  4 leopard geckos
  25 orcs
  6 giant cockroaches
  8 goblins
  7 hobgoblins
  8 kobolds
  A quokka (D:6)
  3 ball pythons
  5 bats
  4 frilled lizards
  2 goblin zombies (Ossuary)
  11 hobgoblin zombies (Ossuary)
  A jackal zombie (Ossuary)
  10 kobold zombies (Ossuary)
  A leopard gecko skeleton (D:6)
  6 orc zombies (Ossuary)
  A quokka skeleton (D:4)
  A quokka zombie (D:7)
  5 rats
190 creatures vanquished.

Vanquished Creatures (others)
  An ufetubus (D:5)
1 creature vanquished.

Grand Total: 191 creatures vanquished

Notes
Turn   | Place    | Note
-------+----------+-------------------------------------------
     0 | D:1      | Borgoz the Ghoul Gladiator began the quest for the Orb.
     0 | D:1      | Reached XP level 1. HP: 17/17 MP: 0/0
    49 | D:1      | Reached XP level 2. HP: 20/24 MP: 1/1
   431 | D:1      | Reached skill level 1 in Armour
   545 | D:1      | Reached XP level 3. HP: 30/30 MP: 2/2
   553 | D:1      | You fall into a shaft and drop 1 floor!
   641 | D:2      | Found a shimmering altar of Xom.
   641 | D:2      | You fall into a shaft and drop 1 floor!
  1432 | D:2      | Reached XP level 4. HP: 29/37 MP: 3/3
  1966 | D:2      | Noticed an angel
  1969 | D:2      | Found a glowing silver altar of Zin.
  2531 | D:3      | Found a hide-covered altar of Uskayaw.
  2532 | D:3      | Found an iron altar of Okawaru.
  2741 | D:3      | Found a sacrificial altar of Ru.
  2954 | D:3      | Reached XP level 5. HP: 36/44 MP: 4/4
  3267 | D:4      | Noticed an ice beast
  3381 | D:3      | Killed an ice beast
  3382 | D:3      | Reached XP level 6. HP: 37/51 MP: 5/5
  3809 | D:4      | Found a transporter.
  3866 | D:4      | Reached XP level 7. HP: 39/57 MP: 6/6
  3888 | D:4      | HP: 2/58 [orc wizard/puff of flame (6)]
  3903 | D:4      | Noticed Dracia's ghost (novice DrCj)
  4355 | D:4      | Found a transporter.
  4366 | D:4      | Noticed Natasha
  4375 | D:4      | Killed Natasha
  4569 | D:4      | Found a staircase to the Ecumenical Temple.
  4623 | Temple   | Entered the Ecumenical Temple
  4871 | Temple   | Became a worshipper of Dithmenos the Shadowed
  5006 | D:5      | Entered Level 5 of the Dungeon
  5309 | D:5      | Found a snail-covered altar of Cheibriados.
  5476 | D:5      | Noticed Blork the orc
  5491 | D:5      | Killed Blork the orc
  5492 | D:5      | Reached skill level 5 in Long Blades
  5492 | D:5      | Reached skill level 5 in Dodging
  5492 | D:5      | Reached XP level 8. HP: 29/66 MP: 7/7
  5494 | D:5      | Noticed Ijyb
  5510 | D:5      | Killed Ijyb
  5853 | D:5      | Found a runed translucent gate.
  5853 | D:5      | Found a runed translucent gate.
  5856 | D:5      | Noticed StoneSoupSpirit's ghost (novice DsCK)
  5857 | D:5      | Found a runed translucent gate.
  5858 | D:5      | Identified the +7 dagger "Ximpipnetho" {vamp, +Inv rC++
                  | Str-2 Stlth+}
  5858 | D:5      | Identified the +6 scale mail of Sif Muna's Benevolence
                  | {+Blink rF+}
  6140 | D:5      | Found a roughly hewn altar of Beogh.
  6194 | D:5      | Got a crystal dagger
  6195 | D:5      | Identified the +7 dagger of Psychosis {protect, *Slow rF+
                  | Str+3} (You found it on level 5 of the Dungeon)
  6551 | D:6      | Found a sand-covered staircase.
  6606 | D:6      | Noticed Sigmund
  6619 | D:6      | Reached * piety under Dithmenos
  6638 | D:6      | Killed Sigmund
  6705 | D:6      | Reached skill level 5 in Armour
  6730 | D:6      | Found an ancient bone altar of Kikubaaqudgha.
  6783 | Ossuary  | Entered an ossuary
  6875 | Ossuary  | Reached ** piety under Dithmenos
  7000 | Ossuary  | Reached XP level 9. HP: 37/73 MP: 8/8
  7550 | D:6      | Reached skill level 5 in Fighting
  7566 | D:6      | Found a runed translucent door.
  7567 | D:6      | Noticed Crazy Yiuf
  7664 | D:6      | Killed Crazy Yiuf
  7705 | D:7      | Found Ryateuf's Antique Armour Boutique.
  7829 | D:7      | Found Raseeduy's Distillery.
  7829 | D:7      | Found Arphocsu's Jewellery Emporium.
  7835 | D:7      | Reached *** piety under Dithmenos
  8076 | D:7      | Found a broken altar of Ashenzari.
  8080 | D:7      | Learned a level 2 spell: Blink
  8327 | D:7      | Noticed a cyclops
  8373 | D:7      | Slain by a cyclops

Illustrated notes

Levels and vault maps discovered:
D:1:      co_arrival_square_in_a_square_in_a_square, layout_basic,
          minmay_distorted
D:2:      layout_basic, grunt_temple_overflow_order_and_chaos_1
D:3:      layout_loops_ring, nicolae_ru_awakened_eye,
          chequers_temple_overflow_statue_of_worship, serial_park_tiny_1,
          minivault_27
D:4:      layout_gridville, minmay_temple_entry_butterflies,
          gammafunk_ghost_arena, minmay_misc_feat_x, uniq_natasha
D:5:      layout_loops_corners, lemuel_coloured_pillars_altar,
          biasface_ghost_orc_armoury, uniq_blork_the_orc, uniq_ijyb
D:6:      layout_basic, lemuel_round_altar,
          nicolae_ossuary_entry_false_entrances, chequers_serial_rivers_large_b,
          nicolae_lava_and_water, uniq_crazy_yiuf_cottage, uniq_sigmund
D:7:      nzn_winding_woodlands_medium [nzn_winding_woodlands_5x5_open_star,
          nzn_winding_woodlands_5x15_lazy_stream,
          nzn_winding_woodlands_5x5_three,
          nzn_winding_woodlands_5x5_checkerboard,
          nzn_winding_woodlands_center_triple_pond,
          nzn_winding_woodlands_5x5_perimeter, nzn_winding_woodlands_5x5_cross,
          nzn_winding_woodlands_5x15_split_checker,
          nzn_winding_woodlands_5x5_closed_star], layout_cave_pods,
          ashenzari_conservatory_becter, serial_shops, shop_fountains, shop,
          kennysheep_little_box, shop, nicolae_shop_stone
Temple:   compressed_dpeg_triangle_lava_temple

Skill      XL: |  1  2  3  4  5  6  7  8  9 |
---------------+----------------------------+-----
Long Blades    | 3 4 5 6 |  6.6
Armour         | 1 2 3 4 5 |  5.8
Dodging        | 3 4 5 6 |  6.6
Fighting       | 3 4 5 |  5.4
Throwing       | |  1.7
Shields        | |  0.7

Action                   |  1- 3 |  4- 6 |  7- 9 || total
-------------------------+-------+-------+-------++-------
Melee: Long sword        |    60 |    87 |    93 ||   240
       Dagger            |    35 |    31 |   437 ||   503
Throw: Throwing net      |       |     2 |     7 ||     9
  Use: Scroll            |     4 |     7 |    10 ||    21
       Potion            |       |     1 |    11 ||    12
 Stab: Held in net/web   |       |       |     4 ||     4
Armor: Leather armour    |    19 |    23 |   166 ||   208
Dodge: Dodged            |    57 |   101 |   451 ||   609
Block: Buckler           |       |       |    36 ||    36
       Other             |       |       |    30 ||    30
       Reflection        |       |       |     1 ||     1
       Rpst.: Long sword |    10 |    31 |    29 ||    70
